 Dungeon Crawl Stone Soup version 0.21.1-1-g345015fe64 (webtiles) character file.

711 Liuhe the Bolt Thrower (level 7, -18/71 HPs)
             Began as an Ogre Hunter on May 24, 2018.
             Was a Follower of Vehumet.
             Demolished by raetorn's ghost (27 damage)
             ... on level 5 of the Dungeon.
             The game lasted 01:08:58 (8094 turns).

Liuhe the Bolt Thrower (Ogre Hunter)                Turns: 8094, Time: 01:08:59

Health: -18/71     AC:  5    Str: 17    XL:     7   Next: 68%
Magic:  9/10       EV: 10    Int: 12    God:    Vehumet [*.....]
Gold:   206        SH:  0    Dex: 11    Spells: 8/10 levels left

rFire    + . .     SeeInvis +   s - +0 hand axe (flame)
rCold    . . .     Gourm    .   (no shield)
rNeg     . . .     Faith    .   n - +0 robe
rPois    +         Spirit   .   (helmet restricted)
rElec    .         Reflect  .   x - +1 cloak {rPois}
rCorr    .         Harm     .   (gloves unavailable)
MR       .....                  (boots unavailable)
Stlth    +.........             (no amulet)
HPRegen  0.21/turn              u - ring of see invisible
MPRegen  0.12/turn              t - ring of protection from fire

@: very slightly contaminated
A: large, unfitting armour, tough skin 1
a: Renounce Religion


You were on level 5 of the Dungeon.
You worshipped Vehumet.
Vehumet was aware of your devotion.
You were not hungry.

You visited 2 branches of the dungeon, and saw 6 of its levels.

You collected 206 gold pieces.

Inventory:

Hand Weapons
 a - a +2 hand crossbow
 o - a +0 hunting sling
 s - a +0 hand axe of flaming (weapon)
 w - a +2 quarterstaff of chaos
 F - a +0 hunting sling
Missiles
 c - 14 bolts
 i - 54 arrows
 k - 3 tomahawks
 m - 20 poisoned needles
 p - 74 stones
 y - 4 curare-tipped needles
 B - a throwing net (quivered)
 C - 8 sling bullets
Armour
 d - a +0 leather armour
 h - a cursed +0 animal skin
 n - a +0 robe (worn)
 x - a +1 cloak of poison resistance (worn)
Jewellery
 e - an uncursed ring of flight
 t - a ring of protection from fire (right hand)
 u - a ring of see invisible (left hand)
Wands
 b - a wand of iceblast (8)
 r - a wand of flame (32)
Scrolls
 g - 2 scrolls of remove curse
 v - a scroll of amnesia
 A - a scroll of identify
 D - a scroll of blinking
Potions
 j - 2 potions of brilliance
 l - a potion of flight
 z - a potion of might
Books
 E - a book of Minor Magic

   Spells                             Type                      Level
   a - Magic Dart                     Conjuration                  1
   b - Blink                          Translocation                2
   c - Call Imp                       Summoning                    2
   d - Slow                           Hexes                        2
   e - Conjure Flame                  Conjuration/Fire             3
   f - Mephitic Cloud                 Conjuration/Poison/Air       3
Comestibles
 f - a ration


   Skills:
 + Level 4.4 Fighting
   Level 0.2 Short Blades
 * Level 1.3 Axes
 * Level 6.0 Crossbows
 + Level 2.2 Dodging
 - Level 1.0 Stealth
 - Level 2.3 Spellcasting
 * Level 0.5 Conjurations


You had 8 spell levels left.
You knew the following spells:

 Your Spells              Type           Power        Failure   Level  Hunger
a - Magic Dart            Conj           #...         22%         1    ##.....
b - Sting                 Conj/Pois      #...         24%         1    ##.....


Dungeon Overview and Level Annotations

Branches:
Dungeon (5/15)             Temple (1/1) D:4

Altars:
Cheibriados
Dithmenos
Elyvilon
Kikubaaqudgha
Nemelex Xobeh
Okawaru
Qazlal
Ru
Vehumet
Wu Jian
Yredelemnul

Annotations:
D:3 Sigmund
D:5 raetorn's ghost, novice OgAM


Innate Abilities, Weirdness & Mutations

You are too large for most types of armour.
You have tough skin. (AC +1)


Message History

Raetorn's ghost is lightly damaged.
You barely miss raetorn's ghost.
Raetorn's ghost is lightly damaged.
Raetorn's ghost completely misses you. Raetorn's ghost hits you!
You barely miss raetorn's ghost.
Raetorn's ghost is lightly damaged.
Raetorn's ghost hits you but does no damage.
You hit raetorn's ghost.
Raetorn's ghost is lightly damaged.
Raetorn's ghost gestures at you while chanting.
You resist with significant effort.
You hit raetorn's ghost. You burn raetorn's ghost.
Raetorn's ghost is lightly damaged.
Raetorn's ghost hits you!!
* * * LOW HITPOINT WARNING * * *
You closely miss raetorn's ghost.
Raetorn's ghost is lightly damaged.
Raetorn's ghost ripples.
Raetorn's ghost closely misses you. Raetorn's ghost hits you!!
You die...

###############
#......#......##
#.......@......+
#...<..W......##
#.............#
#.....#########
#.....# #......
#.......
#.......
#...##..#


You could see raetorn's ghost.

Vanquished Creatures
  Grinder (D:3)
  Duvessa (D:4)
  Dowan (D:4)
  A scorpion (D:4)
  Crazy Yiuf (D:3)
  A centaur skeleton (D:4)
  Terence (D:3)
  Ijyb (D:3)
  A worker ant (D:4)
  A hound skeleton (D:4)
  Robin (D:4)
  5 adders
  A shadow imp (D:5)
  An ooze (D:4)
  5 leopard geckos
  5 orcs (D:4)
  3 giant cockroaches
  14 goblins
  7 hobgoblins
  12 jackals
  3 kobolds
  7 bats
  6 frilled lizards
  A jackal skeleton (D:4)
  A quokka skeleton (D:4)
  9 rats
91 creatures vanquished.

Notes
Turn   | Place    | Note
-------+----------+-------------------------------------------
     0 | D:1      | Liuhe the Ogre Hunter began the quest for the Orb.
     0 | D:1      | Reached XP level 1. HP: 22/22 MP: 1/1
    70 | D:1      | Reached skill level 3 in Crossbows
   175 | D:1      | Reached XP level 2. HP: 16/31 MP: 2/2
  1113 | D:2      | Reached XP level 3. HP: 31/37 MP: 3/3
  1673 | D:2      | Reached XP level 4. HP: 40/45 MP: 5/5
  1713 | D:2      | Reached skill level 1 in Spellcasting
  1981 | D:3      | Noticed Sigmund
  2007 | D:3      | Reached skill level 4 in Crossbows
  2198 | D:3      | Noticed Terence
  2201 | D:3      | Noticed Grinder
  2203 | D:3      | Killed Terence
  2205 | D:3      | Paralysed by Grinder for 4 turns
  2234 | D:3      | Paralysed by Grinder for 4 turns
  2241 | D:3      | Paralysed by Grinder for 4 turns
  2252 | D:3      | Paralysed by Grinder for 2 turns
  2275 | D:3      | Paralysed by Grinder for 3 turns
  2278 | D:3      | Killed Grinder
  2278 | D:3      | Reached skill level 5 in Crossbows
  2278 | D:3      | Reached XP level 5. HP: 13/54 MP: 5/8
  2278 | D:3      | Reached XP level 6. HP: 15/62 MP: 5/9
  3113 | D:3      | Reached skill level 1 in Stealth
  3174 | D:3      | Found a runed door.
  3178 | D:3      | Noticed Crazy Yiuf
  3252 | D:3      | Killed Crazy Yiuf
  6323 | D:4      | Found a staircase to the Ecumenical Temple.
  6356 | Temple   | Entered the Ecumenical Temple
  6372 | Temple   | Became a worshipper of Vehumet
  6688 | D:4      | Reached XP level 7. HP: 68/68 MP: 10/10
  6731 | D:4      | Learned a level 1 spell: Magic Dart
  6991 | D:4      | Noticed Robin
  7003 | D:4      | Noticed Duvessa
  7004 | D:4      | Killed Robin
  7009 | D:4      | Reached * piety under Vehumet
  7009 | D:4      | Offered knowledge of Sting by Vehumet.
  7010 | D:4      | Noticed Dowan
  7012 | D:4      | Noticed Ijyb
  7077 | D:4      | Killed Duvessa
  7077 | D:4      | Reached skill level 1 in Axes
  7139 | D:3      | Killed Ijyb
  7504 | D:4      | Learned a level 1 spell: Sting
  7585 | D:4      | Killed Dowan
  7585 | D:4      | Reached skill level 6 in Crossbows
  8053 | D:5      | Entered Level 5 of the Dungeon
  8085 | D:5      | Noticed raetorn's ghost (novice OgAM)
  8094 | D:5      | Demolished by raetorn's ghost

Skill      XL: |  1  2  3  4  5  6  7 |
---------------+----------------------+-----
Crossbows      | 3 5 6 |  6.0
Fighting       | 3 4 |  4.4
Spellcasting   | 2 |  2.3
Dodging        | 2 |  2.2
Stealth        | 1 |  1.0
Axes           | 1 |  1.3
Short Blades   | |  0.2
Conjurations   | |  0.5

Action                   |  1- 3 |  4- 6 |  7- 9 || total
-------------------------+-------+-------+-------++-------
Melee: Short sword       |    17 |       |       ||    17
       Hand axe          |       |     5 |    54 ||    59
 Fire: Hand crossbow     |    92 |    73 |    48 ||   213
       Hunting sling     |       |       |     9 ||     9
Throw: Stone             |       |    12 |     5 ||    17
       Tomahawk          |       |       |     3 ||     3
       Throwing net      |       |       |     1 ||     1
 Cast: Magic Dart        |       |       |    12 ||    12
       Sting             |       |       |     4 ||     4
Evoke: Wand              |       |     1 |     1 ||     2
  Use: Potion            |     5 |     2 |     2 ||     9
       Scroll            |     3 |     3 |     1 ||     7
  Eat: Chunk             |     2 |       |       ||     2
       Ration            |       |     5 |     1 ||     6
Armor: Robe              |    15 |     9 |    38 ||    62
Dodge: Dodged            |    39 |    31 |    64 ||   134
